Map: Emerald City CE

Players

IIIIIIIIIIII

  • Race: Terran Terran
  • Spawn Location: 5:00

IIIIIIIIIIII

  • Race: Terran Terran
  • Spawn Location: 5:00

Imperator - Winner!

  • Race: Terran Terran
  • League: Platinum
  • Spawn Location: 11:00

NoDataFound - Winner!

  • Race: Zerg Zerg
  • League: Diamond
  • Spawn Location: 11:00

VOD

Have the link to the VOD?

Description

Time

  • Played on: Aug. 23, 2026, 3:55 p.m.
  • Length: 23:44
Show
View Real Time Build Order
Export as new Build Order

IIIIIIIIIIII Terran 

Build Orders: Mech 

Get SALT Encoding   

  8  0:00  SCV  
  9  0:12  SCV  
  10  0:24  SCV  
  11  0:29  Supply Depot  
  11  0:36  SCV  
  12  0:49  SCV  
  13  0:56  Barracks  
  13  1:01  SCV  
  14  1:10  Refinery  
  14  1:13  SCV  
  15  1:25  SCV  
  16  1:37  SCV  
  17  1:42  Marine  
  18  1:49  Orbital Command  
  18  1:51  Refinery  
  18  2:01  Supply Depot  
  18  2:15  Barracks Reactor  
  18  2:18  SCV  
  19  2:34  Command Center  
  19  2:40  SCV  
  20  2:51  Marine x2  
  20  2:52  SCV  
  23  2:59  Supply Depot  
  23  3:06  Factory  
  23  3:13  SCV  
  23  3:18  Marine x2  
  26  3:25  SCV  
  27  3:45  Marine x2  
  28  3:49  Orbital Command  
  28  3:54  Starport  
  28  3:57  Factory Tech Lab  
  28  4:00  SCV  
  29  4:11  Marine x2  
  29  4:15  Supply Depot  
  29  4:16  SCV  
  32  4:38  SCV x2, Siege Tank  
  34  4:39  Liberator  
  34  4:44  Marine x2  
  42  4:50  SCV  
  43  4:57  Orbital Command  
  38  5:12  Siege Tank  
  41  5:14  Marine x2  
  41  5:15  SCV  
  41  5:20  Supply Depot  
  44  5:25  SCV  
  44  5:27  SCV  
  46  5:34  Viking  
  48  5:37  SCV  
  48  5:39  SCV  
  50  5:45  Marine x2  
  50  5:49  SCV  
  53  5:51  SCV  
  53  5:52  Supply Depot, Bunker  
  54  6:01  SCV  
  54  6:02  Siege Tank  
  54  6:03  Marine, Factory  
  54  6:04  SCV  
  60  6:12  Marine  
  60  6:17  Supply Depot  
  58  6:26  Marine  
  58  6:31  Marine  
  60  6:34  Siege Tank  
  60  6:35  Starport Reactor  
  60  6:38  SCV x2  
  65  6:40  Factory  
  65  6:43  Command Center  
  65  6:48  Engineering Bay  
  65  6:51  Factory Tech Lab  
  65  6:59  SCV x2  
  67  7:01  Supply Depot  
  67  7:02  Supply Depot  
  67  7:03  Engineering Bay  
  67  7:06  Armory  
  67  7:09  Refinery, Marine x2  
  67  7:10  Refinery  
  69  7:24  Siege Tank  
  69  7:27  Marine x2  
  74  7:42  Missile Turret  
  74  7:45  Missile Turret  
  74  7:59  Siege Tank x2  
  74  8:00  Factory Reactor  
  80  8:11  Marine x2  
  77  8:13  SCV  
  77  8:26  SCV x2  
  78  8:28  Command Center  
  78  8:29  Marine x2  
  78  8:31  Medivac x2  
  78  8:32  Terran Infantry Weapons Level 1  
  78  8:34  Terran Vehicle Weapons Level 1  
  84  8:35  Terran Infantry Armor Level 1  
  84  8:55  SCV x2  
  84  8:56  Siege Tank  
  84  8:57  Siege Tank, Widow Mine x2  
  84  8:59  Missile Turret  
  84  9:01  Missile Turret  
  96  9:05  Missile Turret  
  96  9:07  Missile Turret  
  96  9:08  SCV, Missile Turret  
  97  9:10  Missile Turret  
  97  9:11  Missile Turret  
  97  9:15  Orbital Command  
  97  9:25  Marine x2  
  97  9:31  SCV x2  
  105  9:35  Hellbat x2  
  105  9:37  Medivac x2  
  109  9:45  Marine x2  
  111  9:48  Siege Tank x2  
  108  10:16  Marine x2  
  109  10:22  Siege Tank x2, Hellbat x2  
  119  10:35  Marine x2  
  119  10:39  SCV  
  119  10:41  SCV x2  
  119  10:42  Factory  
  124  10:44  Factory  
  118  10:53  Marine  
  118  10:57  Marine  
  116  10:58  Terran Vehicle Weapons Level 2, Terran Infantry Weapons Level 2, Terran Infantry Armor Level 2  
  116  11:04  Widow Mine x2  
  114  11:15  Siege Tank  
  114  11:17  SCV x2  
  119  11:22  SCV  
  119  11:25  Refinery  
  120  11:27  Refinery  
  120  11:29  SCV  
  121  11:41  Marine x2  
  121  11:43  Factory Tech Lab, Factory Reactor  
  121  11:47  Hellbat  
  121  11:51  Siege Tank  
  121  11:52  Siege Tank  
  124  11:55  Hellbat  
  124  11:58  Marine  
  117  12:03  Barracks  
  117  12:04  Barracks  
  117  12:05  Planetary Fortress  
  117  12:06  Barracks  
  117  12:08  Barracks  
  115  12:12  Marine  
  115  12:14  Siege Tank, Hellbat  
  116  12:16  Marine  
  117  12:28  Siege Tank x2  
  123  12:30  Marine  
  123  12:34  Marine, Hellbat, Widow Mine x2  
  123  12:35  Supply Depot x2  
  131  12:48  Siege Tank  
  131  12:49  Hellbat  
  136  12:58  Widow Mine x3  
  133  13:26  Barracks Tech Lab, Barracks Reactor  
  133  13:27  Barracks Reactor  
  120  13:28  Terran Vehicle Weapons Level 3  
  120  13:32  Armory  
  120  13:35  Marine x2  
  120  13:36  Siege Tank x2  
  120  13:38  Hellion x3  
  120  13:39  Hellion  
  136  13:43  Command Center  
  136  13:44  Refinery  
  130  13:49  Refinery  
  125  13:56  Supply Depot x2  
  125  14:01  Siege Tank  
  125  14:02  Hellbat x4, Marine x2  
  131  14:03  Marine x5  
  131  14:08  Hellbat  
  140  14:12  Stimpack  
  140  14:14  Barracks Reactor  
  140  14:19  Siege Tank  
  140  14:20  Marine x2  
  145  14:29  Siege Tank  
  148  14:32  Hellion x4  
  148  14:48  Marine x7  
  155  15:05  Marine  
  155  15:06  Marine  
  149  15:15  Marine x4  
  149  15:16  Marine x3  
  149  15:18  Hellbat x2, Widow Mine x2, Siege Tank x3  
  173  15:23  Marine  
  173  15:24  Terran Infantry Weapons Level 3, Terran Vehicle And Ship Armor Level 1  
  163  15:47  Marine x4  
  163  15:48  Marine x5  
  149  15:50  Widow Mine x2, Siege Tank  
  149  15:51  Widow Mine x2, Combat Shield  
  152  16:02  Terran Infantry Armor Level 3  
  143  16:04  Planetary Fortress  
  143  16:05  Marine x2  
  144  16:12  Marine x5  
  144  16:13  Marine x2  
  151  16:23  Marine x2  
  149  16:38  Marine x7  
  156  16:40  Siege Tank x2  
  156  16:41  Marine, Hellbat  
  160  16:57  Marine x2  
  160  16:58  Marine x7  
  153  17:15  Marine x3  
  141  17:23  Marine x6  
  141  17:25  Hellbat  
  149  17:33  Marine x3  
  146  17:50  Marine x6  
  146  17:51  Marine x2  
  152  17:53  Siege Tank x3  
  163  18:07  Marine x2  
  163  18:08  Marine x3  
  161  18:18  Marine x4  
  153  18:24  Marine  
  153  18:25  Marine  
  140  18:29  Marine x3  
  140  18:31  Siege Tank x2  
  140  18:32  Widow Mine, Hellbat x2  
  154  18:36  Marine x3  
  154  18:37  Siege Tank, Hellbat  
  159  19:00  Marine x3  
  159  19:01  Marine x5  
  153  19:03  Command Center, Siege Tank x2  
  153  19:11  Marine  
  154  19:17  SCV x4  
  154  19:18  SCV, Marine x2  
  161  19:29  SCV  
  159  19:39  Marine x2  
  159  19:40  Marine x2  
  159  19:41  Siege Tank x3, Hellbat  
  152  20:08  Hellbat  
  152  20:09  Hellbat x3  
  152  20:13  Siege Tank x3  
  166  20:24  Terran Vehicle And Ship Armor Level 2  
  166  20:25  Terran Ship Weapons Level 1  
  157  20:39  Viking x2  
  161  20:45  Siege Tank  
  161  20:49  Marine x3  
  159  20:50  Marine x6  
  167  20:59  Planetary Fortress  
  167  21:07  Marine x2  
  167  21:09  Viking x2  
  167  21:29  Hellbat x3, Siege Tank x3  
  162  21:37  Marine x2  
  162  21:38  Marine x7  
  134  21:55  Marine  
  134  21:58  Hellbat x2, Widow Mine x2  
  134  22:01  Siege Tank x3  
  146  22:16  Marine x4  
  146  22:17  Marine x5  
  146  22:33  Siege Tank  
  146  22:34  Marine  
  150  22:40  Marine x6  
  150  22:41  Marine x2  
  158  22:53  Siege Tank  
  158  22:54  Siege Tank, Marine  
  158  22:56  Hellbat x2, Widow Mine x2  
  158  22:58  Marine  
  172  23:10  Siege Tank  
  175  23:14  Marine x2  
  175  23:15  Marine x5  
Show
View Real Time Build Order
Export as new Build Order

IIIIIIIIIIII Terran 

Build Orders:  

Get SALT Encoding   

  8  0:00  SCV  
  9  0:12  SCV  
  10  0:24  SCV  
  11  0:30  Supply Depot  
  11  0:37  SCV  
  12  0:49  SCV  
  13  0:56  Barracks  
  13  1:01  SCV  
  14  1:13  SCV  
  14  1:18  Refinery  
  15  1:25  SCV  
  16  1:37  SCV  
  17  1:43  Refinery  
  17  1:47  Marine  
  17  1:49  Supply Depot, SCV  
  19  2:03  Orbital Command  
  19  2:12  Marine  
  20  2:17  Factory  
  20  2:34  Barracks Tech Lab  
  20  2:37  Supply Depot, SCV  
  21  2:50  SCV  
  22  2:55  Marine  
  23  3:02  SCV  
  23  3:05  Starport  
  24  3:10  Factory Tech Lab  
  24  3:14  SCV, Supply Depot  
  25  3:26  SCV  
  26  3:38  SCV  
  26  3:39  Factory Tech Lab  
  27  3:45  Supply Depot  
  27  3:53  Fusion Core  
  27  3:56  Marine  
  27  3:59  Siege Tank  
  31  4:06  Command Center  
  32  4:17  SCV  
  32  4:39  SCV  
  32  4:43  Battlecruiser  
  39  4:51  Barracks  
  39  4:55  SCV  
  39  4:56  Engineering Bay  
  40  5:05  Stimpack  
  40  5:11  Supply Depot  
  40  5:17  SCV  
  41  5:25  Supply Depot  
  41  5:29  Barracks  
  41  5:39  Missile Turret  
  41  5:41  Barracks Reactor  
  41  5:43  SCV  
  42  5:53  Orbital Command  
  42  6:06  Marauder  
  42  6:07  SCV  
  45  6:17  Battlecruiser  
  51  6:19  SCV  
  51  6:21  Barracks Reactor  
  51  6:25  Marine x2  
  54  6:27  Marine  
  54  6:28  Supply Depot, SCV  
  56  6:45  SCV x2  
  56  6:46  Command Center  
  58  6:51  Supply Depot  
  58  6:56  Missile Turret  
  58  6:57  SCV x2  
  60  7:07  Barracks  
  60  7:09  SCV x2  
  62  7:18  Supply Depot  
  62  7:20  Marine x4  
  62  7:21  SCV x2  
  68  7:26  Armory  
  68  7:33  SCV x2  
  70  7:41  Barracks  
  70  7:45  SCV  
  70  7:46  SCV  
  70  7:47  Refinery  
  70  7:49  Refinery  
  72  7:58  SCV  
  73  8:02  Marine x4  
  73  8:03  Marine  
  78  8:11  Barracks Reactor  
  78  8:13  Orbital Command  
  78  8:21  Marauder  
  78  8:22  Barracks  
  80  8:27  Terran Infantry Armor Level 1  
  80  8:28  Engineering Bay  
  80  8:29  Marine x4  
  84  8:35  Barracks  
  84  8:37  Missile Turret  
  84  8:42  Marauder  
  84  8:45  Command Center  
  84  8:47  Marine  
  87  8:56  Barracks Tech Lab  
  87  8:57  Orbital Command  
  87  8:58  Supply Depot  
  87  9:04  Marauder  
  90  9:10  SCV x2  
  90  9:11  Barracks Tech Lab  
  91  9:18  Command Center  
  91  9:22  SCV x2  
  93  9:24  Terran Infantry Weapons Level 1  
  93  9:25  Barracks Tech Lab  
  93  9:27  Barracks  
  93  9:29  Marine x2  
  95  9:34  SCV x2  
  95  9:36  SCV  
  98  9:38  Marine  
  98  9:39  Marine  
  98  9:42  Supply Depot  
  98  9:44  Marauder  
  102  9:46  SCV x2  
  102  9:48  SCV  
  105  9:58  Armory, SCV  
  105  9:59  Terran Ship Weapons Level 1  
  106  10:00  SCV x2  
  108  10:10  SCV  
  108  10:12  SCV x2  
  108  10:13  Factory  
  111  10:17  Factory  
  111  10:22  SCV  
  111  10:24  SCV x2  
  114  10:29  Marine x4  
  114  10:30  Marine x2, Marauder x4  
  114  10:31  Barracks Tech Lab  
  114  10:34  SCV  
  123  10:36  SCV x2  
  125  10:46  SCV  
  125  10:47  Marine x6  
  125  10:48  SCV  
  125  10:49  SCV  
  134  10:51  Marine x2, Marauder  
  134  10:52  Marauder  
  134  10:55  Marine  
  124  11:05  Marine x6  
  124  11:09  Marine, Marauder  
  123  11:12  Marine x3  
  119  11:18  Planetary Fortress  
  119  11:20  Factory Tech Lab  
  119  11:22  Factory Tech Lab, Marine  
  119  11:23  Marine x5  
  125  11:27  Marauder  
  125  11:30  Marine x2, Refinery  
  125  11:31  Refinery, Marauder x2  
  130  11:33  Siege Tank  
  130  11:34  Orbital Command  
  133  11:40  Marine  
  133  11:41  Marine x3, SCV  
  133  11:46  Barracks  
  138  11:47  Barracks  
  138  11:48  Marauder, Terran Infantry Weapons Level 2  
  138  11:49  Terran Infantry Armor Level 2, Marauder  
  142  11:55  Factory  
  142  11:58  Siege Tank  
  142  11:59  Siege Tank  
  142  12:01  Marine x3  
  148  12:02  Starport Reactor  
  148  12:06  Combat Shield  
  148  12:07  Concussive Shells  
  151  12:25  Marine x4  
  151  12:26  Marauder x3  
  161  12:35  Supply Depot  
  161  12:36  Supply Depot  
  161  12:38  Marine  
  161  12:39  Marine  
  161  12:42  Marauder  
  161  12:43  Marauder, Marine  
  161  12:44  Marine x3  
  161  12:47  Marine, Marauder x2  
  161  12:50  Barracks Tech Lab x2  
  137  12:56  Marine x2  
  123  13:01  Marine  
  123  13:02  Marine  
  123  13:03  Marauder, Marine  
  123  13:04  Supply Depot, Marine, Barracks x2, Marauder  
  123  13:05  Marauder, Supply Depot, Siege Tank  
  133  13:06  Siege Tank x3  
  133  13:08  Marine  
  133  13:09  Marauder  
  148  13:13  Marine  
  148  13:14  Marine  
  150  13:23  Marine x4  
  150  13:24  Marauder  
  150  13:26  Marauder x3  
  162  13:30  Marauder  
  162  13:31  Marine  
  162  13:32  Medivac x2, Marine  
  170  13:38  Siege Tank  
  170  13:41  Marine x4  
  161  13:46  Marauder  
  161  13:47  Marauder, Marine  
  161  13:48  Marauder  
  154  13:49  Marine  
  154  13:50  Marine  
  154  13:51  Marauder  
  140  13:59  Marine x4  
  140  14:00  Siege Tank  
  129  14:05  Marauder  
  129  14:07  Marine x2  
  129  14:08  Marine, Marauder, Barracks Tech Lab  
  129  14:09  Marine, Barracks Tech Lab  
  137  14:12  Medivac x2, Marine, Refinery  
  137  14:13  Refinery  
  142  14:20  Marine x2  
  142  14:22  Supply Depot  
  144  14:25  Marauder  
  144  14:27  Marauder  
  148  14:38  Marine x2, Marauder x2  
  151  14:39  Command Center  
  151  14:42  Medivac x2  
  158  14:56  Siege Tank  
  158  14:57  Siege Tank  
  158  14:58  Marine, Marauder x2  
  169  15:00  Sensor Tower  
  169  15:08  Marine, Marauder x3  
  169  15:13  Marine x2  
  169  15:14  Marine, Marauder  
  158  15:19  Marine x2, Marauder  
  145  15:32  Marine  
  145  15:33  Marine, Marauder x3  
  145  15:34  Marine x3  
  145  15:35  Marine  
  152  15:39  Medivac  
  152  15:40  Medivac  
  148  15:43  Marine  
  149  15:55  Marine x2  
  149  15:56  Marine, Marauder x2  
  156  16:03  Marine x2  
  156  16:04  Marauder x2  
  147  16:10  Marine x3  
  147  16:11  Marine  
  146  16:13  Marine x3  
  146  16:17  Marine  
  150  16:20  Command Center  
  138  16:28  Marine x4, Marauder  
  138  16:29  Marauder  
  138  16:36  Marine x2  
  138  16:37  Marine x3  
  143  16:48  Marine x4  
  143  16:49  Marauder x2, Medivac  
  118  17:10  Marine x2  
  118  17:11  Marine x3, Marauder x2  
  106  17:17  Marine x5  
  106  17:18  Marauder  
  106  17:28  Marine x4  
  101  17:33  Marauder x2  
  101  17:34  Marine x2  
  101  17:35  Marine x3, Marauder  
  109  17:38  Marine  
  110  17:52  Orbital Command  
  110  17:55  Marine  
  110  17:56  Marine x2, Marauder x2  
  117  18:00  Supply Depot  
  117  18:05  Marine x2  
  117  18:07  Marine x3  
  117  18:08  Marine  
  123  18:18  Command Center  
  123  18:25  Marine x7  
  123  18:26  Marine x2, Marauder x4  
  140  18:42  Marine  
  140  18:43  Marine x5  
  140  18:44  Marauder x2  
  148  18:53  Medivac  
  148  18:54  Medivac  
  147  18:56  SCV x3  
  147  19:02  SCV  
  151  19:07  Supply Depot, Marine  
  151  19:08  Marine x2, SCV x3, Marauder x2  
  161  19:14  Marine  
  161  19:15  Marine x3  
  161  19:16  Marine  
  131  19:18  Marine  
  131  19:19  Marine  
  131  19:23  Medivac  
  117  19:38  Siege Tank x2  
  123  19:42  Medivac  
  92  19:53  Medivac  
  78  20:05  Marine x7  
  78  20:06  Marine, Marauder x4  
  78  20:22  Siege Tank  
  78  20:24  Marine  
  78  20:46  Marine x3  
  78  20:47  Marine x2  
  72  20:51  Orbital Command  
  72  21:02  Viking  
  74  21:15  SCV x2  
  76  21:21  Marine x2  
  78  21:35  Medivac x2  
  78  21:36  Orbital Command  
  78  21:38  Marine  
  74  21:41  Marine x2  
  57  22:04  Marine  
  57  22:05  Marine x5  
  63  22:18  Marine x2  
  65  22:42  Marine  
  65  22:43  Marauder x2  
  70  22:58  Marine x2  
  71  23:05  Marine  
Show
View Real Time Build Order
Export as new Build Order

Imperator Terran - Winner!

Build Orders: Reaper Expand, Mech 

Get SALT Encoding   

  8  0:00  SCV  
  9  0:12  SCV  
  10  0:24  SCV  
  11  0:29  Supply Depot  
  11  0:37  SCV  
  12  0:49  SCV  
  13  0:56  Barracks  
  13  1:03  Refinery  
  13  1:06  SCV  
  14  1:18  SCV  
  15  1:31  SCV  
  16  1:45  Orbital Command  
  16  1:47  Barracks Reactor  
  16  2:12  SCV  
  16  2:26  Factory  
  16  2:29  SCV  
  17  2:30  Refinery  
  17  2:33  Supply Depot  
  17  2:41  SCV  
  18  2:58  Reaper x2  
  20  3:01  SCV  
  20  3:02  Command Center  
  21  3:10  Hellion  
  23  3:14  SCV  
  24  3:22  Supply Depot  
  24  3:32  Reaper x2  
  26  3:39  Hellion, SCV  
  29  3:51  SCV  
  29  3:54  Factory  
  30  3:56  Supply Depot  
  30  4:03  Hellion  
  32  4:26  SCV x2  
  32  4:28  Factory Tech Lab  
  32  4:29  Engineering Bay  
  32  4:46  SCV  
  32  4:47  Orbital Command  
  32  4:51  Barracks Tech Lab  
  33  4:55  Missile Turret  
  33  5:01  Hellion  
  29  5:10  SCV  
  29  5:13  Cyclone  
  33  5:15  Mag-Field Accelerator  
  33  5:23  Supply Depot  
  33  5:26  SCV  
  33  5:28  SCV  
  35  5:38  SCV  
  35  5:39  Factory  
  35  5:42  SCV  
  37  5:50  SCV  
  38  6:03  Hellion x2  
  40  6:13  SCV x2  
  39  6:19  Armory  
  39  6:26  Cyclone  
  39  6:29  SCV x2  
  39  6:32  Missile Turret  
  44  6:44  SCV x2  
  44  6:45  Hellion  
  44  6:46  Hellion  
  50  6:55  Cyclone  
  53  7:04  SCV  
  53  7:05  SCV  
  53  7:06  Thor  
  61  7:09  Hellbat  
  63  7:16  Hellbat  
  63  7:17  SCV  
  63  7:19  Terran Vehicle Weapons Level 1  
  66  7:26  Supply Depot  
  66  7:29  Refinery x2  
  66  7:44  Infernal Pre-Igniter  
  66  7:45  Smart Servos  
  66  7:47  Missile Turret, SCV x2  
  66  7:48  Hellbat, Hellion  
  69  8:11  Cyclone  
  69  8:12  Hellion  
  74  8:18  Missile Turret  
  74  8:29  Refinery  
  74  8:35  Command Center  
  74  8:37  Supply Depot  
  74  8:38  SCV x2  
  74  8:39  Hellion  
  78  8:50  SCV  
  78  8:52  Sensor Tower  
  79  8:58  Thor  
  79  9:00  Supply Depot  
  85  9:04  SCV, Supply Depot  
  85  9:06  SCV  
  87  9:16  SCV  
  88  9:20  SCV  
  89  9:34  Missile Turret  
  89  9:37  Missile Turret  
  89  9:38  Supply Depot  
  89  9:39  Supply Depot, Missile Turret  
  89  9:40  SCV x2  
  91  9:52  SCV  
  92  9:55  SCV  
  92  9:57  Orbital Command  
  93  10:02  Thor  
  93  10:06  Thor  
  105  10:17  Hellion  
  105  10:18  Hellion  
  106  10:36  SCV x2  
  105  10:45  Thor  
  107  10:51  Thor  
  98  11:04  Hellbat, Hellion, SCV x2  
  78  11:11  Factory  
  77  11:22  Command Center  
  77  11:25  SCV x2, Hellion  
  81  11:26  Orbital Command  
  81  11:27  Barracks Tech Lab  
  81  11:28  Terran Vehicle And Ship Armor Level 1, Thor  
  87  11:33  Hellion  
  87  11:34  Hellion  
  87  11:37  SCV, Refinery  
  87  11:39  Missile Turret  
  92  11:40  Missile Turret  
  92  11:50  SCV x2  
  94  11:59  Missile Turret x2  
  94  12:01  Missile Turret, Factory Tech Lab  
  94  12:03  Hellion  
  94  12:04  Hellion  
  98  12:19  Thor x3  
  98  12:22  SCV x3  
  119  12:24  Refinery  
  119  12:25  Refinery  
  119  12:30  Starport  
  119  12:31  Supply Depot  
  119  12:32  Missile Turret  
  119  12:34  SCV  
  119  12:35  Hellion x2  
  124  12:48  SCV x3  
  127  13:00  SCV  
  127  13:04  Thor x3  
  148  13:05  Hellion  
  100  13:28  Hellion x2  
  100  13:29  SCV x3  
  107  13:38  Terran Vehicle Weapons Level 2  
  107  13:39  Missile Turret, Refinery  
  107  13:40  Missile Turret  
  107  13:42  Missile Turret, Refinery  
  107  13:47  Thor  
  113  13:54  Thor  
  123  13:55  Hellion  
  123  13:56  Hellion x2  
  123  14:07  SCV  
  123  14:08  SCV x2  
  120  14:12  Starport  
  120  14:14  Starport Reactor  
  120  14:20  SCV x2  
  120  14:21  SCV  
  123  14:30  Armory  
  123  14:37  Thor  
  129  14:38  Missile Turret  
  129  14:44  Supply Depot  
  129  14:45  Factory  
  129  14:46  Supply Depot  
  129  14:47  SCV  
  130  14:54  Hellion x3  
  130  14:55  Hellbat  
  136  15:15  Thor  
  136  15:18  Command Center  
  136  15:20  SCV x2, Planetary Fortress  
  144  15:22  SCV  
  145  15:30  Sensor Tower  
  145  15:31  Hellion x2  
  145  15:32  Hellion  
  137  15:46  Viking x2  
  107  16:01  Hellion x2  
  105  16:19  Thor  
  109  16:34  Hellbat  
  109  16:35  Hellion x2, SCV  
  109  16:36  SCV x2  
  111  16:48  SCV x2  
  111  16:53  Orbital Command  
  99  17:10  Thor x2  
  99  17:12  Hellion x3  
  97  17:33  Hellion, Viking x2  
  97  17:35  Thor  
  97  17:36  SCV  
  97  17:37  SCV x2  
  106  17:40  Factory Tech Lab  
  106  17:48  SCV  
  104  18:10  Thor  
  103  18:13  SCV x3  
  91  18:25  SCV x2  
  93  18:29  Thor  
  93  18:30  Hellion x2  
  93  18:31  Hellion x2, Viking  
  109  18:52  Hellion x3  
  109  18:53  Orbital Command  
  109  18:54  Command Center  
  109  19:05  Missile Turret  
  109  19:07  Missile Turret  
  95  19:14  SCV x2  
  95  19:15  Thor x2  
  109  19:17  Hellion x4  
  109  19:20  SCV  
  114  19:26  SCV  
  113  19:38  Hellion x3  
  113  19:43  Command Center  
  113  19:45  Command Center  
  77  20:00  Thor x2  
  77  20:02  Hellion x2  
  77  20:03  Hellion x2  
  75  20:24  Hellion  
  75  20:26  Thor  
  83  20:37  Hellion x2  
  87  20:44  Hellion  
  87  21:14  SCV  
  87  21:15  SCV  
  89  21:27  SCV x2  
  91  21:39  SCV  
  84  21:50  SCV x2  
  84  21:51  SCV  
  79  22:30  Hellion x6  
  91  22:51  Hellion x2  
Show
View Real Time Build Order
Export as new Build Order

NoDataFound Zerg - Winner!

Build Orders: Hatch First, Lurkers 

Get SALT Encoding   

  8  0:01  Drone  
  9  0:16  Overlord  
  9  0:22  Drone  
  9  0:28  Drone  
  11  0:34  Drone  
  12  0:41  Drone  
  13  1:09  Hatchery  
  12  1:16  Drone  
  12  1:17  Drone  
  14  1:22  Drone  
  15  1:26  Drone  
  16  1:39  Drone  
  17  1:44  Extractor  
  16  1:49  Spawning Pool  
  16  1:52  Drone  
  16  1:59  Drone  
  17  2:07  Drone  
  18  2:16  Drone  
  18  2:21  Drone  
  20  2:35  Zergling x4  
  20  2:36  Queen  
  24  2:45  Metabolic Boost  
  24  2:52  Overlord  
  24  2:54  Overlord  
  24  3:11  Drone  
  24  3:12  Drone x5  
  30  3:24  Lair  
  30  3:26  Drone  
  30  3:27  Drone  
  32  3:31  Drone  
  33  3:40  Drone  
  34  3:47  Drone  
  34  3:48  Drone, Queen  
  36  3:54  Roach Warren  
  37  3:55  Extractor  
  37  3:56  Drone  
  37  3:57  Drone  
  38  4:06  Drone x2  
  40  4:19  Overlord x2  
  40  4:24  Hatchery  
  39  4:32  Drone  
  39  4:33  Overlord x3  
  40  4:40  Baneling Nest, Drone x2  
  40  4:42  Drone  
  42  4:56  Drone x2  
  42  4:58  Drone  
  42  4:59  Drone x4  
  49  5:00  Spore Crawler  
  49  5:03  Spore Crawler  
  49  5:06  Drone  
  49  5:07  Drone x2  
  50  5:14  Extractor x2, Drone  
  50  5:15  Drone  
  50  5:22  Roach  
  50  5:24  Roach  
  50  5:28  Roach  
  56  5:32  Queen  
  56  5:33  Queen  
  60  5:36  Drone x2  
  60  5:38  Drone  
  63  5:43  Drone x3  
  66  5:51  Overlord  
  66  6:06  Roach x8  
  82  6:14  Spore Crawler  
  82  6:16  Spore Crawler  
  80  6:19  Spore Crawler  
  77  6:29  Drone  
  77  6:30  Drone x8  
  86  6:32  Extractor  
  86  6:33  Extractor  
  86  6:38  Queen x2  
  86  6:39  Drone x2  
  90  6:48  Spire  
  90  6:51  Spore Crawler  
  90  6:52  Drone x2  
  90  6:55  Spore Crawler, Drone x2  
  90  6:58  Glial Reconstitution  
  91  7:06  Centrifugal Hooks, Drone  
  92  7:08  Overlord  
  92  7:09  Overlord  
  90  7:26  Drone x2  
  90  7:27  Drone x3  
  95  7:30  Drone x5  
  95  7:33  Overlord  
  95  7:34  Overlord  
  100  7:42  Hatchery  
  99  7:48  Drone  
  99  7:50  Overlord x4  
  100  7:59  Corruptor x4  
  100  8:02  Overlord x2  
  106  8:29  Drone  
  106  8:30  Drone x2  
  106  8:31  Drone  
  110  8:41  Overseer  
  110  8:42  Corruptor x9, Hatchery  
  110  8:45  Zerg Flyer Weapons Level 1  
  127  8:50  Evolution Chamber  
  127  8:52  Evolution Chamber  
  125  9:01  Drone x12  
  137  9:09  Hydralisk Den  
  136  9:14  Drone x6  
  142  9:17  Extractor  
  141  9:28  Spore Crawler  
  140  9:31  Spore Crawler  
  140  9:34  Roach x6, Spore Crawler  
  140  9:35  Spore Crawler, Roach, Overlord  
  140  9:36  Overlord x3  
  151  9:39  Zerg Missile Weapons Level 1  
  151  9:42  Zerg Ground Armor Level 1  
  151  9:43  Grooved Spines  
  151  9:49  Spore Crawler  
  151  9:51  Spore Crawler  
  151  9:52  Spore Crawler  
  148  9:53  Drone x4  
  148  9:54  Spore Crawler  
  151  10:16  Drone  
  151  10:17  Drone x18  
  168  10:23  Roach x5  
  169  10:34  Muscular Augments  
  164  10:43  Hydralisk x10  
  180  10:59  Hydralisk  
  180  11:00  Zergling x4, Overlord  
  180  11:01  Overlord x6  
  184  11:06  Queen  
  184  11:07  Queen  
  184  11:08  Queen  
  184  11:11  Queen  
  184  11:19  Zergling x2, Overlord x4  
  184  11:30  Infestation Pit  
  184  11:31  Hatchery  
  182  11:36  Spine Crawler x2, Spore Crawler  
  182  11:37  Drone x7  
  182  11:38  Spine Crawler x2, Drone  
  182  11:39  Drone x2  
  187  11:44  Lurker Den  
  182  11:59  Drone x10  
  191  12:06  Zerg Missile Weapons Level 2, Zerg Ground Armor Level 2  
  188  12:20  Extractor  
  188  12:21  Extractor  
  174  12:35  Hatchery  
  173  12:39  Infestor x3  
  173  12:40  Infestor, Hydralisk x10  
  190  12:46  Drone x6  
  167  12:53  Drone  
  167  12:54  Drone x3  
  167  12:57  Lurker x5  
  176  13:05  Spore Crawler  
  175  13:07  Drone  
  175  13:08  Drone x4, Spine Crawler  
  179  13:20  Lurker x7  
  179  13:24  Drone x3  
  179  13:25  Drone x6, Extractor  
  179  13:26  Extractor  
  193  13:30  Spore Crawler  
  193  13:32  Drone  
  193  13:33  Drone x4  
  172  14:01  Hydralisk x15  
  198  14:03  Zergling x4  
  194  14:13  Drone x6  
  200  14:30  Baneling x4  
  200  14:34  Hive  
  200  14:39  Spore Crawler, Extractor  
  200  14:40  Extractor  
  200  14:41  Spore Crawler  
  200  14:43  Lurker x3  
  198  15:08  Zerg Melee Weapons Level 1  
  198  15:15  Evolution Chamber  
  194  15:33  Spore Crawler  
  187  15:42  Hydralisk x7  
  183  15:43  Hydralisk x2, Spore Crawler  
  200  16:03  Hydralisk x2  
  200  16:04  Hydralisk x9  
  180  16:08  Corruptor, Hydralisk  
  180  16:09  Hydralisk x5  
  199  16:17  Zergling x2  
  199  16:18  Zergling x8  
  200  16:25  Zergling x6  
  195  16:49  Zergling x8  
  195  16:50  Zergling x2  
  179  17:06  Zergling x28  
  176  17:13  Zergling x2  
  167  17:27  Mutalisk x9  
  173  17:36  Hydralisk x5  
  159  17:42  Hydralisk x2  
  159  17:43  Hydralisk  
  159  17:44  Queen  
  159  17:45  Queen x3  
  164  17:56  Hydralisk x10, Hatchery  
  183  18:01  Zergling x12  
  188  18:10  Spine Crawler  
  188  18:11  Spine Crawler  
  158  18:23  Hydralisk x5  
  158  18:24  Hydralisk x11  
  180  18:32  Greater Spire, Zerg Missile Weapons Level 3, Zerg Ground Armor Level 3  
  176  18:45  Hydralisk x9  
  176  18:46  Hydralisk x3  
  192  18:49  Infestor x2  
  192  19:03  Zergling x8  
  192  19:04  Zergling x8  
  200  19:12  Extractor  
  200  19:13  Hydralisk  
  200  19:14  Hydralisk x7  
  185  19:20  Zergling x10  
  185  19:21  Zergling x4  
  185  19:22  Hydralisk  
  172  19:29  Zergling x8  
  172  19:31  Zerg Melee Weapons Level 2  
  176  19:36  Hydralisk x5  
  176  19:38  Zergling x4  
  176  19:55  Hydralisk  
  176  19:56  Hydralisk x6  
  176  19:57  Zergling x16  
  187  20:00  Zergling x8  
  187  20:04  Brood Lord  
  187  20:06  Zergling x6  
  193  20:13  Hydralisk  
  193  20:14  Hydralisk x2  
  189  20:15  Zergling x10  
  195  20:22  Zergling x4  
  195  20:23  Zergling x10  
  195  20:27  Corruptor  
  195  20:28  Corruptor  
  192  20:29  Zergling x6  
  192  20:30  Zergling x14  
  158  20:51  Corruptor x4  
  158  20:52  Zergling x2  
  158  20:53  Zergling x8  
  162  21:05  Zergling x28  
  175  21:18  Hydralisk x8  
  182  21:29  Hydralisk x3  
  165  21:36  Hydralisk  
  165  21:37  Hydralisk  
  165  21:39  Zergling x2  
  158  21:40  Zergling x14  
  158  21:46  Hydralisk x2  
  157  21:51  Hydralisk  
  157  21:52  Zergling x6  
  157  21:53  Zergling x2  
  161  21:56  Zergling x6  
  161  22:10  Drone x2  
  161  22:11  Extractor, Drone x3  
  161  22:12  Drone x4  
  169  22:16  Lurker  
  169  22:17  Lurker x2  
  172  22:39  Hatchery  
  171  22:47  Brood Lord x2, Corruptor  
  171  22:49  Zergling x24  
  189  23:02  Zergling x10  
  189  23:03  Zergling x6  
  185  23:08  Hydralisk x4  
  178  23:15  Hydralisk x3  
Tags
 
Add a new tag
Caveats
  • Supply blocks, unpowered buildings, or Contaminate may cause inaccurate times.
  • Supply counts are checked every 10 seconds.